Map: Frost LE

Players

BigSam - Winner!

  • Race: Zerg Zerg
  • League: Gold
  • Spawn Location: 5:00

Fropez

  • Race: Protoss Protoss
  • League: Gold
  • Spawn Location: 7:00

VOD

Have the link to the VOD?

Description

Time

  • Played on: Nov. 14, 2016, 10:59 a.m.
  • Length: 21:52
Show
View Real Time Build Order
Export as new Build Order

BigSam Zerg - Winner!

Build Orders: Pool First 

Get SALT Encoding   

  12  0:01  Drone  
  13  0:13  Overlord  
  13  0:26  Drone  
  14  0:32  Drone x2  
  16  0:39  Drone  
  17  0:46  Extractor  
  17  0:48  Drone  
  17  0:53  Spawning Pool  
  16  0:59  Drone  
  17  1:14  Drone  
  18  1:21  Hatchery  
  17  1:28  Drone  
  18  1:36  Drone  
  19  1:43  Drone  
  20  1:48  Queen  
  20  1:52  Overlord  
  22  2:05  Metabolic Boost  
  22  2:12  Zergling x2  
  23  2:17  Zergling x2  
  24  2:24  Zergling x2  
  25  2:34  Queen  
  25  2:35  Queen  
  25  2:36  Overlord  
  30  2:37  Drone  
  30  2:44  Drone  
  30  2:49  Overlord  
  31  3:03  Zergling x6  
  31  3:05  Drone x2  
  36  3:16  Drone x2  
  36  3:17  Drone  
  38  3:54  Queen x2  
  42  4:03  Drone x5  
  42  4:04  Roach Warren  
  42  4:05  Evolution Chamber  
  42  4:06  Evolution Chamber, Spine Crawler  
  42  4:07  Spine Crawler  
  40  4:43  Spine Crawler, Spore Crawler  
  40  4:44  Spore Crawler  
  34  4:46  Spore Crawler  
  34  4:48  Spore Crawler  
  34  4:50  Zergling x2, Spine Crawler  
  34  4:51  Zergling x20  
  42  5:03  Lair  
  42  5:06  Extractor, Drone x2  
  44  5:21  Drone x3  
  44  5:22  Drone  
  44  5:23  Drone  
  44  5:27  Drone  
  49  5:44  Zerg Melee Weapons Level 1  
  49  5:46  Drone x3  
  52  5:52  Overlord x4  
  52  5:56  Extractor  
  51  5:58  Extractor  
  50  6:15  Drone x3  
  50  6:17  Drone x2  
  55  6:20  Drone x2  
  55  6:21  Drone x5  
  62  6:31  Zerg Missile Weapons Level 1  
  62  6:35  Overseer  
  58  7:21  Drone  
  59  8:17  Drone x4  
  59  8:18  Drone  
  64  8:20  Zerg Ground Armor Level 1  
  64  8:21  Glial Reconstitution  
  64  8:24  Zerg Melee Weapons Level 2, Zergling x2, Hatchery  
  64  8:25  Zergling x10, Roach x3  
  64  8:26  Extractor x2, Roach x4  
  81  8:30  Spore Crawler  
  81  8:31  Spore Crawler  
  81  8:32  Spine Crawler  
  81  8:33  Spine Crawler, Spore Crawler  
  76  8:48  Drone  
  76  8:49  Drone  
  78  8:55  Hydralisk Den  
  78  8:56  Drone x2  
  78  8:57  Infestation Pit  
  78  9:02  Extractor, Hatchery  
  77  9:03  Drone x2  
  77  9:04  Drone x2  
  77  9:05  Spore Crawler  
  77  9:06  Extractor  
  77  9:07  Spine Crawler  
  77  9:08  Spine Crawler, Drone, Spore Crawler  
  77  9:09  Drone x2  
  78  9:35  Burrow  
  78  9:38  Hive  
  78  9:39  Pneumatized Carapace  
  78  9:40  Tunneling Claws  
  78  9:46  Muscular Augments  
  78  9:47  Pathogen Glands  
  78  9:50  Drone x8  
  78  9:51  Drone x4  
  90  9:59  Spine Crawler, Overlord x3, Spore Crawler  
  88  10:00  Overlord  
  88  10:09  Drone x2  
  89  10:29  Zerg Missile Weapons Level 2  
  89  10:36  Overlord x2  
  89  10:39  Drone  
  89  10:40  Zerg Ground Armor Level 2, Drone x9  
  89  10:41  Overseer  
  99  10:59  Drone x9  
  99  11:00  Drone x3  
  111  11:05  Adrenal Glands  
  111  11:21  Hydralisk x4, Roach  
  111  11:22  Roach x3  
  122  11:56  Spore Crawler  
  122  11:57  Spore Crawler  
  122  11:58  Hydralisk  
  122  11:59  Hydralisk x4, Roach x2  
  122  12:00  Overlord x4, Spine Crawler x2, Roach x3  
  138  12:01  Spine Crawler, Spore Crawler  
  138  12:07  Spore Crawler  
  136  12:08  Spine Crawler, Drone x3  
  136  12:09  Drone x4  
  136  12:10  Spine Crawler  
  140  12:34  Overlord x2  
  140  12:35  Zergling x2  
  140  12:36  Zergling x24  
  153  12:45  Zerg Melee Weapons Level 3  
  153  12:47  Overseer x2  
  153  12:48  Overseer x3  
  153  13:00  Hydralisk, Overlord x2  
  153  13:01  Hydralisk x3, Roach x3  
  153  13:02  Zergling x2, Roach  
  153  13:03  Zergling x6  
  168  13:25  Hydralisk  
  168  13:26  Hydralisk x4, Roach x2  
  168  13:27  Hydralisk, Roach x4  
  115  13:59  Hydralisk  
  115  14:00  Hydralisk x4, Roach x2  
  115  14:01  Hydralisk, Roach x3  
  115  14:02  Zergling x14  
  142  14:20  Zergling x6  
  142  14:21  Zergling x14  
  142  14:22  Zerg Missile Weapons Level 3  
  152  14:51  Hydralisk x3  
  152  14:52  Hydralisk x2, Roach x4  
  168  14:53  Roach x2  
  168  14:55  Hatchery  
  146  15:22  Zerg Ground Armor Level 3  
  124  15:54  Hydralisk x3, Zergling x2  
  124  15:55  Hydralisk x4, Roach x4  
  124  15:56  Hydralisk x2, Roach x4  
  139  16:30  Extractor x2  
  137  16:39  Drone x2  
  139  16:40  Drone  
  139  16:41  Drone  
  139  16:42  Drone x2  
  139  16:43  Drone x4  
  147  16:48  Spine Crawler, Spore Crawler  
  147  16:49  Spore Crawler  
  147  16:51  Spore Crawler, Drone x4  
  147  16:52  Spine Crawler, Drone x5  
  147  16:53  Drone  
  152  17:02  Hydralisk x2  
  152  17:03  Hydralisk x4, Roach x3  
  152  17:04  Roach x2  
  174  17:27  Infestor x4  
  174  17:28  Infestor  
  184  17:31  Infestor x2  
  184  17:33  Hydralisk  
  184  17:34  Zergling x2, Roach  
  184  17:35  Zergling x8, Hatchery  
  196  17:37  Extractor  
  196  17:38  Extractor  
  194  18:42  Zergling x4  
  194  18:43  Zergling x8  
  177  20:34  Hydralisk  
  177  20:35  Hydralisk x4, Roach x2  
  175  20:36  Hydralisk x4, Roach x4  
  175  20:37  Hydralisk, Roach x4  
  189  20:56  Zergling x2  
  167  20:57  Hydralisk x3, Zergling x16  
  167  20:58  Hydralisk x2, Roach x4  
  167  20:59  Roach  
  175  21:07  Infestor x4  
  175  21:08  Infestor x3  
  175  21:21  Zergling x2  
  175  21:22  Zergling x24  
  188  21:35  Spine Crawler, Spore Crawler x2  
  188  21:36  Spine Crawler  
  188  21:37  Spore Crawler  
  188  21:38  Spine Crawler  
Show
View Real Time Build Order
Export as new Build Order

Fropez Protoss 

Build Orders: Dark Templar Rush 

Get SALT Encoding   

  12  0:03  Probe (Chrono Boost)  
  13  0:13  Probe (Chrono Boost)  
  14  0:20  Pylon  
  14  0:24  Probe (Chrono Boost)  
  15  0:38  Probe (Chrono Boost)  
  16  0:42  Gateway  
  16  0:49  Probe (Chrono Boost)  
  17  0:55  Assimilator  
  17  0:59  Probe (Chrono Boost)  
  18  1:06  Gateway  
  18  1:10  Probe (Chrono Boost)  
  19  1:15  Pylon  
  19  1:22  Probe (Chrono Boost)  
  20  1:32  Assimilator  
  20  1:37  Probe (Chrono Boost)  
  20  1:38  Cybernetics Core  
  21  1:48  Gateway  
  22  1:54  Probe (Chrono Boost)  
  22  2:16  Twilight Council  
  22  2:18  Probe (Chrono Boost)  
  22  2:20  Warp Gate (Chrono Boost)  
  23  2:28  Probe (Chrono Boost)  
  23  2:55  Pylon  
  23  3:02  Zealot x3  
  29  3:08  Dark Shrine  
  29  3:14  Gateway  
  29  3:25  Mothership Core  
  30  3:43  Resonating Glaives (Chrono Boost)  
  30  3:46  Probe  
  31  3:53  Nexus  
  31  3:55  Pylon  
  31  3:57  Pylon  
  31  4:13  Probe  
  32  4:21  Dark Templar x2  
  36  4:25  Probe  
  37  4:49  Probe  
  38  4:55  Robotics Facility  
  38  5:07  Probe x2  
  38  5:09  Gateway  
  40  5:18  Probe  
  40  5:20  Probe  
  42  5:28  Probe  
  42  5:30  Dark Templar  
  42  5:35  Probe  
  46  5:38  Assimilator  
  46  5:40  Assimilator  
  46  5:42  Warp Prism  
  48  5:49  Adept x2  
  52  6:05  Gateway  
  52  6:08  Probe x2  
  54  6:25  Probe  
  55  6:44  Gateway  
  55  6:46  Gateway  
  55  6:48  Dark Templar x2  
  55  6:49  Pylon, Dark Templar  
  55  6:50  Pylon  
  61  6:58  Pylon  
  53  7:18  Probe  
  53  7:20  Probe  
  53  7:25  Gateway  
  53  7:28  Pylon  
  53  7:29  Probe  
  53  7:37  Forge, Immortal  
  54  7:40  Probe  
  54  7:41  Stalker  
  54  7:42  Stalker  
  63  7:46  Stalker  
  63  7:50  Probe  
  65  7:57  Probe  
  65  8:09  Protoss Ground Weapons Level 1 (Chrono Boost)  
  65  8:18  Pylon  
  65  8:20  Pylon, Immortal  
  65  8:24  Robotics Facility  
  65  8:26  Charge (Chrono Boost)  
  69  8:28  Probe  
  69  8:29  Probe  
  71  8:47  Adept x3  
  71  8:48  Adept  
  79  8:57  Sentry x4  
  79  9:02  Immortal  
  91  9:17  Zealot x3  
  91  9:18  Zealot  
  91  9:19  Probe  
  100  9:25  Warp Prism  
  100  9:30  Probe  
  103  9:43  Pylon  
  103  9:49  Nexus  
  103  9:56  Observer  
  104  10:05  Protoss Ground Armor Level 1 (Chrono Boost)  
  104  10:09  Pylon  
  104  10:22  Gateway  
  104  10:23  Photon Cannon  
  104  10:24  Probe x2  
  104  10:26  Pylon  
  106  10:40  Gateway  
  106  10:41  Photon Cannon x2  
  106  10:44  Photon Cannon  
  106  10:46  Photon Cannon  
  106  10:56  Zealot x2  
  106  10:57  Zealot x3  
  116  11:12  Stalker x2  
  116  11:17  Stalker  
  122  11:24  Zealot  
  122  11:25  Zealot  
  126  11:40  Immortal  
  126  11:45  Immortal  
  134  11:47  Probe  
  134  11:48  Probe  
  134  11:49  Probe  
  137  11:58  Assimilator  
  137  12:01  Assimilator  
  137  12:03  Pylon  
  137  12:06  Probe  
  137  12:08  Photon Cannon  
  138  12:12  Photon Cannon  
  138  12:14  Sentry  
  138  12:15  Sentry  
  142  12:25  Observer  
  143  12:32  Protoss Shields Level 1 (Chrono Boost)  
  143  12:39  Templar Archives  
  143  12:41  Pylon  
  143  12:44  Immortal  
  143  12:49  Immortal  
  143  12:50  Forge  
  150  12:59  Zealot x4  
  150  13:00  Zealot  
  116  13:39  Zealot x4  
  116  13:40  Zealot x4  
  116  13:41  Zealot x2  
  104  14:08  High Templar x7  
  104  14:09  High Templar x3  
  124  14:22  Archon x2  
  124  14:23  Archon x3  
  124  14:28  Nexus  
  124  14:37  Protoss Ground Weapons Level 2 (Chrono Boost)  
  124  14:57  Protoss Ground Armor Level 2 (Chrono Boost)  
  114  15:13  Zealot x3  
  114  15:14  Zealot x3  
  118  15:27  High Templar  
  118  15:28  High Templar x2  
  114  15:34  Archon  
  114  15:40  Zealot x2  
  118  15:43  High Templar x2  
  118  15:47  Archon  
  103  16:15  Assimilator  
  103  16:26  Assimilator  
  103  16:27  High Templar x5, Assimilator  
  103  16:28  High Templar  
  103  16:30  Pylon  
  115  16:43  Protoss Ground Weapons Level 3 (Chrono Boost)  
  115  16:53  Pylon  
  115  16:55  Pylon, Immortal  
  115  16:58  Pylon  
  119  17:02  Pylon  
  119  17:03  Gateway  
  119  17:10  Probe  
  119  17:11  Gateway  
  119  17:12  Probe x2, Protoss Shields Level 2 (Chrono Boost)  
  120  17:28  Pylon  
  120  17:29  High Templar x3  
  126  17:39  Zealot  
  126  17:40  Zealot x2  
  132  17:44  Nexus  
  132  17:46  Archon x3  
  132  18:04  Gateway  
  132  18:07  Gateway  
  132  18:08  Pylon  
  132  18:10  Pylon  
  132  18:17  Pylon  
  132  18:22  High Templar x5  
  142  18:28  Archon x2  
  142  18:30  Archon  
  138  19:05  Probe x2  
  138  19:06  Probe x2  
  138  19:07  Probe  
  143  19:17  Assimilator  
  143  19:20  Assimilator  
  123  19:33  Zealot x2  
  123  19:34  Zealot x3  
  123  19:35  Zealot x3  
  123  19:36  Zealot x2  
  135  19:58  High Templar x6  
  145  20:02  Archon x3  
  75  21:07  Assimilator  
  75  21:11  Assimilator  
  75  21:19  Pylon  
  75  21:20  Pylon  
  75  21:23  Pylon  
  75  21:31  Pylon  
  75  21:39  Pylon, Probe x2  
  75  21:43  Pylon  
  75  21:44  Pylon  
  75  21:46  Pylon  
  73  21:47  Pylon  
  73  21:49  Pylon  
Tags
 
League
GoldGold
Matchup
PvZ
Opening
Pool First
Replay Pack
From the laptop
Spawn Locations
Close Positions
Add a new tag
Caveats
  • Supply blocks, unpowered buildings, or Contaminate may cause inaccurate times.
  • Supply counts are checked every 10 seconds.